 Dungeon Crawl Stone Soup version 0.29-a0-378-gc08b2e8bf8 (webtiles) character file.

Game seed: 11095504697982841552

3486 Bruhh the Fighter (level 10, 0/85 HPs)
             Began as a Human Monk on May 5, 2022.
             Was a Believer of Uskayaw.
             Slain by a two-headed ogre
             ... wielding a +0 giant club
              (30 damage)
             ... on level 8 of the Dungeon.
             The game lasted 00:20:42 (12756 turns).

Bruhh the Fighter (Human Monk)                     Turns: 12756, Time: 00:20:43

Health: 0/85       AC:  9    Str: 12    XL:     10   Next: 27%
Magic:  15/15      EV: 10    Int: 13    God:    Uskayaw [**....]
Gold:   298        SH: 10    Dex: 20    Spells: 9/9 levels left

rFire   . . .      SeeInvis .   K - +2 broad axe (freeze)
rCold   + . .      Faith    +   E - +2 kite shield
rNeg    . . .      Spirit   .   n - +1 scale mail {rC+}
rPois   .          Reflect  .   o - +0 helmet {Int+3}
rElec   .          Harm     .   i - +0 cloak
rCorr   .          Rampage  .   (no gloves)
Will    .....                   (no boots)
Stlth   +.........              D - amulet of faith
HPRegen 0.24/turn               B - +4 ring of slaying
MPRegen 0.14/turn               (no ring)

@: mighty
A: no striking features
a: Renounce Religion, Stomp, Line Pass


You were on level 8 of the Dungeon.
You worshipped Uskayaw.
Uskayaw was noncommittal.
You visited 1 branch of the dungeon, and saw 8 of its levels.

You collected 454 gold pieces.
You spent 156 gold pieces at shops.

Inventory:

Hand Weapons
 a - a +0 falchion
 r - a +0 dagger of venom
 C - a +2 vorpal halberd
 G - a +1 spear of venom
 I - a +5 war axe
 J - a +1 demon whip of venom
 K - a +2 broad axe of freezing (weapon)
Armour
 b - a +0 robe
 e - a +0 leather armour
 i - a +0 cloak (worn)
 n - a +1 scale mail of cold resistance (worn)
 o - a +0 helmet of intelligence (worn)
 x - a +0 buckler
 E - a +2 kite shield (worn)
 H - a +0 plate armour
Jewellery
 B - a +4 ring of slaying (left hand)
 D - an amulet of faith (around neck)
 L - a ring of protection from cold
Wands
 s - a wand of iceblast (4)
 A - a wand of mindburst (14)
Scrolls
 h - 2 scrolls of noise {unknown}
 j - a scroll of fear {unknown}
 k - 3 scrolls of teleportation {unknown}
 m - 2 scrolls of blinking {unknown}
 p - a scroll of acquirement {unknown}
 q - a scroll of vulnerability {unknown}
 t - a scroll of silence {unknown}
 u - 3 scrolls of amnesia {unknown}
 w - 4 scrolls of identify {unknown}
 y - 2 scrolls of fog {unknown}
 F - a scroll of enchant armour {unknown}
Potions
 c - a potion of ambrosia
 d - 2 potions of might
 f - a potion of lignification {unknown}
 g - 4 potions of curing
 l - 2 potions of brilliance {unknown}
 v - a potion of berserk rage {unknown}
 z - a potion of degeneration {unknown}


   Skills:
 - Level 10.0 Fighting
 - Level 3.0 Long Blades
 + Level 5.4 Axes
 - Level 6.0 Dodging
 - Level 2.0 Stealth
 - Level 7.6 Invocations


You had 9 spell levels left.
You didn't know any spells.
Your spell library contained the following spells:

 Spells                   Type           Power      Damage    Failure   Level
 Portal Projectile        Hex/Tloc       0%         N/A       100%        3
 Blade Hands              Tmut           0%         N/A       100%        5
 Excruciating Wounds      Necr           0%         N/A       100%        5


Dungeon Overview and Level Annotations

Branches:
Dungeon (8/15)             Temple (0/1) D:6
   Lair: D:8-11

Altars:
Cheibriados
Dithmenos
Elyvilon
Fedhas
Kikubaaqudgha
Ru
Sif Muna
Uskayaw
Yredelemnul

Shops:
D:4 !(!?[   D:7 [   D:8 *

Annotations:
D:3 2 transporters, LetschGu's ghost, amateur SpAM


Message History

Training target 10.0 for Fighting reached!
Your Fighting skill increases to level 10!
You are too injured to fight recklessly!
The yak gores you.
Uskayaw prepares the audience for your solo!
The helpless yak fails to defend itself.
You slash the yak! You freeze the yak.
You kill the yak!
The helpless yak fails to defend itself.
You hit the yak. You freeze the yak.
The yak is no longer paralysed.
Your Axes skill increases to level 4!
You stomp with the beat, sending a shockwave through the revellers around you!
You kill the yak!
You stomp with the beat, sending a shockwave through the revellers around you!
The yak is almost dead.
The yak is no longer sharing its pain.
The yak barely misses you.
Uskayaw will force your foes to helplessly watch your dance.
You slash the yak! You freeze the yak.
You kill the yak!
Your Axes skill increases to level 5!
Key pressed, stopping explore.
HP restored.
You see here a yak skeleton.
Things that are here:
a +0 shortbow; a centaur skeleton A two-headed ogre comes into view.
It is wielding two +0 giant clubs.
The two-headed ogre shouts in stereo!
You feel very mighty all of a sudden.
Found a stone staircase leading down.
You block the two-headed ogre's attack.
The two-headed ogre hits you with a +0 giant club!
You slice the two-headed ogre!! You freeze the two-headed ogre!
The two-headed ogre is heavily wounded.
The two-headed ogre hits you with a +0 giant club!!
The two-headed ogre hits you with a +0 giant club!
You can now pass through a line of other dancers.
You barely miss the two-headed ogre.
The two-headed ogre is heavily wounded.
The two-headed ogre misses you.
The two-headed ogre hits you with a +0 giant club!!
You die...

#.............# .
#.............#
..#+#######.............+
...........รท#+##........#
....).....).# #####....#
............# ######
............#
............#####
...####+#...@O..# ..
+.......# . #.......#
#.......# #.......#
#.......# #.......#
#....>...


You could see a two-headed ogre.

Vanquished Creatures
  Sigmund (D:2)
  4 yaks (D:8)
  Edmund (D:5)
  A water moccasin (D:6)
  Duvessa (D:6)
  2 ice beasts
  2 orc warriors
  2 sky beasts
  An ogre (D:4)
  3 centaurs
  3 necrophages (D:6)
  2 gnoll sergeants (D:5)
  2 bullfrogs
  2 scorpions
  3 wights (D:7)
  Dowan (D:6)
  2 hounds
  2 jellies
  4 orc priests
  A gnoll shaman (D:5)
  An iguana (D:6)
  4 orc wizards
  Ijyb (D:3)
  16 gnolls
  6 adders
  2 white imps
  5 ufetubi
  3 worms (D:2)
  4 dart slugs
  15 orcs
  10 endoplasms
  6 giant cockroaches
  8 hobgoblins
  2 jackals (D:1)
  2 quokkas (D:4)
  5 ball pythons
  6 bats
  4 frilled lizards
  6 goblins
  3 kobolds (D:4)
  23 rats
172 creatures vanquished.

Vanquished Creatures (others)
  6 plants (D:3)
6 creatures vanquished.

Grand Total: 178 creatures vanquished

Notes
Turn   | Place    | Note
-------+----------+-------------------------------------------
     0 | D:1      | Bruhh the Human Monk began the quest for the Orb.
     0 | D:1      | Reached XP level 1. HP: 18/18 MP: 1/1
   129 | D:1      | Reached XP level 2. HP: 17/24 MP: 2/2
   676 | D:1      | Reached skill level 4 in Fighting
   676 | D:1      | Reached XP level 3. HP: 27/30 MP: 3/3
   998 | D:2      | Found a faded altar of an unknown god.
  1001 | D:2      | Prayed at the altar of an unknown god.
  1001 | D:2      | Became a worshipper of Uskayaw the Reveller
  1001 | D:2      | Reached * piety under Uskayaw
  1001 | D:2      | Reached ** piety under Uskayaw
  1461 | D:2      | Reached skill level 1 in Invocations
  1461 | D:2      | Reached XP level 4. HP: 38/38 MP: 4/4
  1770 | D:2      | Noticed Sigmund
  1782 | D:2      | Killed Sigmund
  1783 | D:2      | Reached skill level 5 in Fighting
  1783 | D:2      | Reached XP level 5. HP: 26/44 MP: 4/7
  1783 | D:2      | Reached XP level 6. HP: 30/51 MP: 4/8
  2393 | D:3      | Noticed Ijyb
  2409 | D:3      | Killed Ijyb
  2694 | D:3      | Found a transporter.
  3087 | D:3      | Found a white marble altar of Elyvilon.
  3127 | D:3      | Found a transporter.
  3211 | D:3      | Noticed LetschGu's ghost (amateur SpAM)
  3452 | D:4      | Reached skill level 6 in Fighting
  3452 | D:4      | Reached XP level 7. HP: 17/58 MP: 6/10
  3694 | D:4      | Found Abufiggu's Magic Scroll Boutique.
  3823 | D:4      | Reached *** piety under Uskayaw
  3833 | D:4      | Reached **** piety under Uskayaw
  3950 | D:4      | Found Acomeaf's Distillery.
  4249 | D:4      | Bought a potion of heal wounds for 60 gold pieces
  4249 | D:4      | Bought 2 potions of might for 96 gold pieces
  4292 | D:4      | Found Miabic's Antique Weapon Emporium.
  4339 | D:4      | Found Niroar's Armour Shoppe.
  4458 | D:4      | Found a snail-covered altar of Cheibriados.
  4499 | D:4      | Found Fehiok's Distillery.
  4662 | D:5      | Entered Level 5 of the Dungeon
  4673 | D:5      | Reached skill level 5 in Invocations
  5234 | D:4      | Reached XP level 8. HP: 63/65 MP: 12/12
  5259 | D:4      | Reached skill level 7 in Fighting
  7126 | D:5      | Noticed Edmund
  7160 | D:5      | Killed Edmund
  7168 | D:5      | Found a shimmering blue altar of Sif Muna.
  7784 | D:6      | Reached skill level 8 in Fighting
  7840 | D:6      | Found a staircase to the Ecumenical Temple.
  8744 | D:6      | Reached XP level 9. HP: 75/75 MP: 14/14
  9223 | D:6      | Found a basalt altar of Yredelemnul.
  9245 | D:6      | Found a sacrificial altar of Ru.
  9246 | D:6      | Noticed Duvessa
  9246 | D:6      | Noticed Dowan
  9261 | D:6      | Killed Duvessa
  9265 | D:6      | Killed Dowan
  9269 | D:6      | HP: 3/75 [poisoned by Dowan]
  9638 | D:6      | Reached skill level 9 in Fighting
  9903 | D:6      | Reached skill level 5 in Dodging
 11387 | D:7      | Reached skill level 1 in Axes
 11570 | D:7      | Found Ahor's Antique Armour Shop.
 11815 | D:7      | Found a blossoming altar of Fedhas.
 11815 | D:7      | Found an ancient bone altar of Kikubaaqudgha.
 11816 | D:7      | Found a shadowy altar of Dithmenos.
 12178 | D:8      | Reached XP level 10. HP: 83/83 MP: 11/15
 12275 | D:8      | Found Taxu's CLEARANCE SALE!.
 12505 | D:8      | Reached skill level 10 in Fighting
 12510 | D:8      | Reached skill level 5 in Axes
 12752 | D:8      | Noticed a two-headed ogre
 12756 | D:8      | Slain by a two-headed ogre

Illustrated notes

Levels and vault maps discovered:
D:1:      ncdulo_lavacross, layout_basic, minmay_misc_feat_doors,
          minmay_strange_pillars
D:2:      layout_basic, serial_bayou, serial_bayou_lagoon_a,
          serial_bayou_ford_a, serial_bayou_shore_a, serial_bayou_pond_d,
          nicolae_ecumenical_pavilion, grunt_decor_cap, uniq_sigmund
D:3:      layout_loops_corners, pf_just_have_faith,
          gammafunk_ghost_gnarly_gnolls, minmay_fountain_box, uniq_ijyb
D:4:      layout_gridville, cheibriados_altar_1, serial_shops, shop,
          nicolae_shop_hallway_plus, shop, shop, nicolae_shop_statue_plus,
          minmay_rat_hole
D:5:      layout_rooms, tgw_sif, uniq_edmund
D:6:      wad_pebble_path, layout_loops_ring, mainiacjoe_overflow_chevrons,
          mainiacjoe_overflow_catwalk, minmay_temple_entry_drinking_statues,
          uniq_duvessa
D:7:      layout_basic, gammafunk_temple_overflow_forgotten, serial_shops,
          kennysheep_little_box
D:8:      layout_gridville, dk_xom_monty_hall, lair_entry_dummy,
          nicolae_shop_clearance

Skill      XL: |  1  2  3  4  5  6  7  8  9 10 |
---------------+-------------------------------+-----
Fighting       | 4 5 6 8 9 10 | 10.0
Invocations    | 1 3 4 5 6 7 |  7.6
Dodging        | 4 6 |  6.0
Axes           | 2 5 |  5.4
Long Blades    | |  3.0
Stealth        | |  2.0

Action                   |  1- 3 |  4- 6 |  7- 9 | 10-12 || total
-------------------------+-------+-------+-------+-------++-------
Melee: Falchion          |    91 |     2 |       |       ||    93
       Dagger            |       |   151 |   256 |       ||   407
       Punch             |       |     1 |       |       ||     1
       Spear             |       |       |   117 |       ||   117
       War axe           |       |       |    41 |     1 ||    42
       Broad axe         |       |       |       |     7 ||     7
Invok: Stomp             |       |     1 |    18 |     2 ||    21
  Use: Potion            |       |     1 |     4 |     1 ||     6
 Stab: Sleeping          |     2 |       |       |       ||     2
       Paralysed         |       |       |    17 |     5 ||    22
Armor: Robe              |     2 |       |       |       ||     2
       Leather armour    |     8 |       |       |       ||     8
       Scale mail        |    18 |    84 |   187 |     2 ||   291
Dodge: Dodged            |    54 |    73 |   198 |     7 ||   332
Block: Buckler           |       |    15 |    51 |       ||    66
       Kite shield       |       |       |   119 |     8 ||   127

Table legend: (Time is in decaauts)
 A = Elapsed time spent in this place.
 B = Non-inter-level travel time spent in this place.
 C = Inter-level travel time spent in this place.
 D = Time resting spent in this place.
 E = Time spent auto-exploring this place.
 F = Levels seen in this place.
 G = Mean time per level.
                   A        B        C        D        E       F      G
               +--------+--------+--------+--------+--------+-----+--------+
         Total |  12870 |  12493 |    377 |   3343 |   7443 |   8 | 1608.8 |
       Dungeon |  12870 |  12493 |    377 |   3343 |   7443 |   8 | 1608.8 |
               +--------+--------+--------+--------+--------+-----+--------+

Top non-repeatable levels by time:
     D:4: 3223 daAuts
     D:6: 2543 daAuts
     D:5: 1939 daAuts
     D:2: 1297 daAuts
     D:7: 1257 daAuts
     D:1: 1006 daAuts
     D:3: 1005 daAuts
     D:8: 596 daAuts
